 Dungeon Crawl Stone Soup version 0.28.0-49-g6dfe1f597d (webtiles) character file.

Game seed: 15226142939856779321

27019 issech the Carver (level 13, -11/111 HPs)
             Began as a Troll Monk on May 16, 2022.
             Was the Champion of Hepliaklqana.
             Mangled by a minotaur
             ... wielding the +2 demon trident of Trauma {elec, *Corrode rN+ Str+9}
              (20 damage)
             ... in a Gauntlet.
             The game lasted 01:06:54 (13654 turns).

issech the Carver (Troll Monk)                     Turns: 13654, Time: 01:06:56

Health: -11/111    AC: 21    Str: 22    XL:     13   Next: 2%
Magic:  4/4        EV: 11    Int:  6    God:    Hepliaklqana [******]
Gold:   1794       SH: 16    Dex: 24    Spells: 13/13 levels left

rFire   . . .      SeeInvis .   z - +8 long sword "issech's Doom" {antimagic, rF+ Dex+2}
rCold   + + .      Faith    .   W - +0 kite shield
rNeg    . . .      Spirit   .   K - +2 ice dragon scales
rPois   +          Reflect  +   q - +1 hat of Gestures {rPois Regen+}
rElec   .          Harm     .   F - +0 cloak
rCorr   .          Rampage  .   (gloves unavailable)
Will    .....      NoTele   +   (boots unavailable)
Stlth   +.........              u - amulet of reflection
HPRegen 1.88/turn               m - +4 ring of protection
MPRegen 0.09/turn               N - +6 ring of dexterity

@: hasted, very quick
A: reduced essence, large, unfitting armour, claws 3, regeneration 1, shaggy fur
1, tough skin 1
a: Renounce Religion, Recall Ancestor, Ancestor Identity, Transference, Idealise


You were in a Gauntlet.
You worshipped Hepliaklqana.
Hepliaklqana was exalted by your worship.
You visited 2 branches of the dungeon, and saw 14 of its levels.
You also visited: Bailey and Gauntlet.

You collected 1933 gold pieces.
You spent 139 gold pieces at shops.

Inventory:

Hand Weapons
 l - the +2 trident of Causality {drain, +Blink rPois rF++ Int-4}
   (You found it on level 11 of the Dungeon)

   A truly terrible weapon, it drains the life of any living foe it strikes.
   Int:       It affects your intelligence (-4).
   rF:        It greatly protects you from fire.
   rPois:     It protects you from poison.
   +Blink:    It lets you blink.
 s - a +0 morningstar of chaos
 z - the +8 long sword "issech's Doom" (weapon) {antimagic, rF+ Dex+2}
   (You found it on level 4 of the Dungeon)

   It reduces the magical energy of the wielder, and disrupts the spells and
   magical abilities of those it strikes.
   Natural abilities and divine invocations are not affected.
   Dex:       It affects your dexterity (+2).
   rF:        It protects you from fire.
 D - a +2 dagger of venom
 T - the +9 longbow of Licsis {freeze, rC+}
   (You found it on level 10 of the Dungeon)

   Any ammunition fired from it freezes those it strikes, dealing additional
   cold damage.
   It can also slow down cold-blooded creatures.
   rC:        It protects you from cold.
 V - the +6 whip of Stickiness {venom, rF+++ Str-2 Dex+6}
   (You found it on level 10 of the Dungeon)

   It poisons the flesh of those it strikes.
   Str:       It affects your strength (-2).
   Dex:       It affects your dexterity (+6).
   rF:        It renders you almost immune to fire.
 Z - a +0 vorpal hand crossbow
Missiles
 d - 35 sling bullets
 f - 108 bolts
 j - 243 stones
 w - 234 arrows
 J - 4 large rocks (quivered)
 O - 17 boomerangs
 P - 5 throwing nets
 R - 2 poisoned darts
Armour
 q - the +1 hat of Gestures (worn) {rPois Regen+}
   (You acquired it on level 10 of the Dungeon)

   rPois:     It protects you from poison.
   Regen:     It increases your rate of health regeneration.
 F - a +0 cloak (worn)
 K - +2 ice dragon scales (worn)
 W - a +0 kite shield (worn)
 Y - a +0 troll leather armour
Jewellery
 k - an amulet of the acrobat
 m - a +4 ring of protection (left claw)
 o - a ring of protection from cold
 u - an amulet of reflection (around neck)
 y - a ring of protection from cold
 A - a ring of positive energy
 C - a ring of resist corrosion
 L - a ring of poison resistance
 N - a +6 ring of dexterity (right claw)
 S - a ring of willpower
 U - an amulet of guardian spirit
Wands
 b - a wand of paralysis (4)
 x - a wand of flame (16)
 G - a wand of mindburst (6)
Scrolls
 a - 7 scrolls of fear
 p - 8 scrolls of teleportation
 r - 3 scrolls of blinking
 t - a scroll of brand weapon
 B - 2 scrolls of summoning
 M - 2 scrolls of enchant weapon
 Q - a scroll of amnesia
Potions
 c - 4 potions of ambrosia
 e - 2 potions of invisibility
 g - 3 potions of mutation {unknown}
 h - a potion of haste
 n - a potion of berserk rage
 v - 5 potions of might {unknown}
 E - 7 potions of curing {unknown}
 H - a potion of heal wounds
 I - 3 potions of brilliance {unknown}
Miscellaneous
 i - a tin of tremorstones (2/2)
 X - a phantom mirror


   Skills:
 + Level 7.0 Fighting
 + Level 3.0(6.9) Short Blades
 - Level 9.7(10.0) Long Blades
 + Level 0.9(2.7) Axes
 + Level 4.3(4.5) Maces & Flails
 + Level 0.9(1.3) Polearms
 + Level 0.9(2.7) Staves
 + Level 0.6(1.4) Slings
 + Level 0.6 Bows
 + Level 0.6 Crossbows
 + Level 2.7(2.9) Throwing
 + Level 6.0 Armour
 + Level 6.7 Dodging
 - Level 3.3 Stealth
 + Level 6.6 Shields
 + Level 1.1 Unarmed Combat
 + Level 0.5 Spellcasting
 + Level 0.7 Conjurations
 + Level 0.6 Hexes
 + Level 0.7 Summonings
 + Level 0.9 Necromancy
 + Level 0.7 Translocations
 + Level 0.7 Transmutations
 + Level 0.7 Fire Magic
 + Level 0.7 Ice Magic
 + Level 0.6 Air Magic
 + Level 1.6 Earth Magic
 + Level 1.3 Poison Magic
 + Level 1.0 Invocations
 + Level 0.7 Evocations


You had 13 spell levels left.
You didn't know any spells.
Your spell library contained the following spells:

 Spells                   Type           Power      Damage    Failure   Level
 Animate Armour           Summ/Erth      2%         N/A       100%        4
 Blade Hands              Tmut           0%         N/A       100%        5
 Fireball                 Conj/Fire      0%         3d3       100%        5
 Iskenderun's Battlesphe  Conj           1%         2d6       100%        5
 Conjure Ball Lightning   Conj/Air       0%         3x3d6     100%        6
 Iron Shot                Conj/Erth      0%         9d1       100%        6
 Orb of Destruction       Conj           0%         9d5       100%        7


Dungeon Overview and Level Annotations

Branches:
Dungeon (13/15)            Temple (1/1) D:4            Lair (0/6) D:10
    Orc (0/2) D:9          Bailey (visited)         Gauntlet (1/1)
 Vaults: D:13-14

Altars:
Ashenzari
Cheibriados
Dithmenos
Elyvilon
Fedhas
Gozag
Hepliaklqana
Kikubaaqudgha
Makhleb
Nemelex Xobeh
Okawaru
Qazlal
Ru
Sif Muna
Trog
Uskayaw
Vehumet
Wu Jian
Xom
Yredelemnul
Zin
The Shining One

Shops:
D:7 [

Annotations:
D:12 3 runed translucent doors, Wentworth's ghost, journeyman TrWr
D:13 Rudyous's ghost, journeyman MiBe Gauntlet 6 transporters, 11 runed translucent doors


Innate Abilities, Weirdness & Mutations

Your life essence is reduced to manifest your ancestor. (-10% HP)
You are too large for most types of armour.
You have claws for hands.
Your natural rate of healing is unusually fast.
You are covered in fur. (AC +1)
You have tough skin. (AC +1)


Message History

You block the minotaur's attack.
You slash the minotaur!
The minotaur is almost dead.
The minotaur completely misses you. You block the minotaur's attack.
You hit the minotaur but do no damage.
The minotaur is almost dead.
The minotaur hits you with the +2 demon trident of Trauma {elec, *Corrode rN+ Str+9}!
* * * LOW HITPOINT WARNING * * *
The minotaur gores you but does no damage.
You hit the minotaur but do no damage.
The minotaur is almost dead.
The minotaur blocks your attack.
The minotaur is almost dead.
The minotaur hits you with the +2 demon trident of Trauma {elec, *Corrode rN+ Str+9}.
* * * LOW HITPOINT WARNING * * *
The minotaur gores you!
* * * LOW HITPOINT WARNING * * *
The minotaur blocks your attack.
The minotaur is almost dead.
You block the minotaur's attack. The minotaur closely misses you.
You hit the minotaur but do no damage.
The minotaur is almost dead.
You slash the minotaur!
The minotaur is almost dead.
You block the minotaur's attack.
The minotaur gores you but does no damage.
The minotaur blocks your attack.
The minotaur is almost dead.
You block the minotaur's attack. The minotaur barely misses you.
The minotaur blocks your attack.
The minotaur is almost dead.
You block the minotaur's attack. x2
You slash the minotaur!
The minotaur is almost dead.
The minotaur blocks your attack.
The minotaur is almost dead.
The minotaur hits you with the +2 demon trident of Trauma {elec, *Corrode rN+ Str+9}!!
* * * LOW HITPOINT WARNING * * *
You are electrocuted!!
You die...

###..#####.##.##...#.#.....#.#..
#..#....©[...#...##t=?©.$.##..
###..###########...###########..
#8#.............................
###≈............≈∩§............≈
##############################
#8# #≈...............≈# #8# ###
#8.8.8..©.©..8.8.8# ###
#§....H@.........≈#
###.#.#######.#.### #.#.. ..#.#
#. ##.#.# .. #H #. ..


You could see a minotaur and an apocalypse crab.

Vanquished Creatures
  An orc warlord (Bailey)
  Harold (D:11)
  A great orb of eyes (Gauntlet)
  2 two-headed ogres (D:10)
  A manticore (D:12)
  An ugly thing (Gauntlet)
  A worldbinder (Gauntlet)
  A torpor snail (Gauntlet)
  A komodo dragon (D:10)
  A troll (D:12)
  A merfolk (D:12)
  3 slime creatures (D:12)
  A vampire (D:12)
  Grum (D:11)
  6 yaks
  Eustachio (D:6)
  2 swamp worms (D:9)
  An acid dragon (D:11)
  6 orc warriors
  7 wolves
  4 ogres
  A phantom (D:5)
  2 centaurs (D:6)
  A kobold brigand (D:10)
  2 bullfrogs
  A gnoll sergeant (D:9)
  A scorpion (D:5)
  A wyvern skeleton (D:7)
  3 wights (D:7)
  2 howler monkeys
  2 centaur zombies
  A hound (D:5)
  A jelly (D:6)
  A centaur skeleton (D:5)
  8 orc priests
  2 iguanas
  A scorpion zombie (D:5)
  2 orc wizards
  A killer bee zombie (D:6)
  A hound skeleton (D:5)
  A howler monkey zombie (D:5)
  10 gnolls
  10 adders
  A howler monkey skeleton (D:4)
  An ufetubus (D:5)
  2 worms
  6 dart slugs
  23 orcs
  8 endoplasms
  4 giant cockroaches
  6 goblins
  8 hobgoblins
  8 jackals
  13 kobolds
  3 quokkas
  5 ball pythons
  2 bats (D:2)
  A frilled lizard (D:1)
  2 rats (D:1)
192 creatures vanquished.

Vanquished Creatures (collateral kills)
  A hydra (D:11)
  A two-headed ogre (D:12)
  A deep elf pyromancer (D:11)
  An ugly thing (Gauntlet)
  A manticore (D:13)
  A cyclops (D:12)
  A centaur zombie (D:11)
  A gargoyle (D:11)
  An unseen horror (D:12)
  An efreet (D:12)
  A komodo dragon (D:12)
  The ghost of bnorton916 the Magician, a novice DEVM (D:5)
  A troll (D:10)
  2 hornets
  A slime creature (D:12)
  A vampire (D:11)
  2 shadows
  2 yaks
  A steam dragon (D:5)
  9 orc warriors
  2 necrophages
  2 ice beasts (D:6)
  An ogre (D:7)
  A boggart (Gauntlet)
  2 centaurs
  Blork the orc (D:4)
  2 bullfrogs
  A gnoll sergeant (D:9)
  A scorpion (D:7)
  A wyvern skeleton (D:6)
  A wight (D:7)
  2 howler monkeys (D:8)
  A jelly (D:7)
  An orc priest (D:10)
  2 hounds
  Ijyb (D:5)
  4 orc wizards
  A howler monkey zombie (D:5)
  7 gnolls
  2 adders
  A white imp (D:8)
  9 orcs
  4 goblins
  3 hobgoblins (Bailey)
  A ball python (D:4)
  3 kobolds (Bailey)
88 creatures vanquished.

Vanquished Creatures (others)
  10 battlemagi
  59 plants
69 creatures vanquished.

Grand Total: 349 creatures vanquished

Notes
Turn   | Place    | Note
-------+----------+-------------------------------------------
     0 | D:1      | issech the Troll Monk began the quest for the Orb.
     0 | D:1      | Reached XP level 1. HP: 22/22 MP: 0/0
   226 | D:1      | Reached XP level 2. HP: 23/29 MP: 1/1
   514 | D:1      | Reached XP level 3. HP: 33/36 MP: 2/2
  1119 | D:2      | Reached XP level 4. HP: 36/44 MP: 3/3
  1545 | D:3      | Reached XP level 5. HP: 40/53 MP: 4/4
  1595 | D:3      | Reached skill level 1 in Short Blades
  2286 | D:3      | Reached XP level 6. HP: 60/61 MP: 5/5
  2821 | D:4      | Identified the +8 long sword "issech's Doom" {antimagic,
                  | rF+ Dex+2}
  2956 | D:4      | Found a staircase to the Ecumenical Temple.
  3039 | Temple   | Entered the Ecumenical Temple
  3050 | Temple   | Became a worshipper of Hepliaklqana the Forgotten
  3050 | Temple   | Reached * piety under Hepliaklqana
  3050 | Temple   | Reached ** piety under Hepliaklqana
  3051 | Temple   | Remembered your ancestor Amurritum as a battlemage
  3482 | D:4      | Reached XP level 7. HP: 60/60 MP: 2/6
  3528 | D:4      | Reached skill level 1 in Long Blades
  3811 | D:4      | Noticed Blork the orc
  3820 | D:4      | Killed Blork the orc
  3928 | D:5      | Entered Level 5 of the Dungeon
  3937 | D:5      | Noticed Ijyb
  3945 | D:5      | Killed Ijyb
  4073 | D:5      | Reached skill level 2 in Long Blades
  4157 | D:5      | Reached skill level 3 in Long Blades
  4173 | D:5      | Noticed a steam dragon
  4177 | D:5      | Killed a steam dragon
  4178 | D:5      | Reached XP level 8. HP: 59/70 MP: 2/7
  4317 | D:5      | Reached skill level 4 in Long Blades
  4334 | D:5      | Found a runed translucent door.
  4338 | D:5      | Noticed bnorton916's ghost (novice DEVM)
  4758 | D:5      | Killed bnorton916's ghost
  4865 | D:6      | Reached skill level 5 in Long Blades
  5248 | D:6      | Reached skill level 1 in Shields
  5248 | D:6      | Reached XP level 9. HP: 72/75 MP: 2/8
  5363 | D:6      | Reached *** piety under Hepliaklqana
  5390 | D:6      | Reached skill level 6 in Long Blades
  5699 | D:6      | Noticed Eustachio
  5711 | D:6      | Killed Eustachio
  6061 | D:7      | Reached skill level 5 in Dodging
  6169 | D:7      | Found Lesene's Antique Armour Shop.
  6180 | D:7      | Reached skill level 1 in Armour
  6180 | D:7      | Bought a kite shield for 139 gold pieces
  6490 | D:7      | Reached **** piety under Hepliaklqana
  7544 | D:9      | Reached skill level 7 in Long Blades
  7562 | D:9      | Reached skill level 5 in Fighting
  7855 | D:9      | Reached XP level 10. HP: 78/86 MP: 3/9
  7933 | D:9      | Reached ***** piety under Hepliaklqana
  8034 | D:9      | Found a glowing golden altar of the Shining One.
  8793 | D:9      | Found a staircase to the Orcish Mines.
  9120 | D:10     | Entered Level 10 of the Dungeon
  9130 | D:10     | Identified a scroll of acquirement
  9130 | D:10     | Acquired 910 gold pieces
  9156 | D:10     | Identified the +6 whip of Stickiness {venom, rF+++ Str-2
                  | Dex+6}
  9294 | D:10     | Noticed a two-headed ogre
  9302 | D:10     | Killed a two-headed ogre
  9390 | D:10     | Reached skill level 8 in Long Blades
  9411 | D:10     | Noticed a two-headed ogre
  9417 | D:10     | Killed a two-headed ogre
  9418 | D:10     | Reached skill level 1 in Throwing
  9421 | D:10     | Found a flagged portal.
  9456 | Bailey   | Entered a bailey
  9468 | Bailey   | Noticed an orc warlord
  9620 | Bailey   | Found a runed translucent gate.
  9627 | Bailey   | Found a runed translucent gate.
  9634 | Bailey   | Found a runed translucent gate.
 10064 | Bailey   | Killed an orc warlord
 10065 | Bailey   | Reached XP level 11. HP: 48/93 MP: 3/10
 10222 | Bailey   | Reached skill level 1 in Unarmed Combat
 10222 | Bailey   | Reached skill level 1 in Earth Magic
 10222 | Bailey   | Reached skill level 1 in Poison Magic
 10222 | Bailey   | Reached skill level 1 in Invocations
 10222 | Bailey   | Reached XP level 12. HP: 101/101 MP: 3/11
 10349 | D:10     | Acquired the +1 hat of Gestures {rPois Regen+}
 10559 | D:10     | Identified the +9 longbow of Licsis {freeze, rC+}
 10570 | D:10     | Found a staircase to the Lair.
 10967 | D:11     | Reached skill level 9 in Long Blades
 11105 | D:11     | Noticed a four-headed hydra
 11113 | D:11     | Killed a nine-headed hydra
 11130 | D:11     | Identified the +2 trident of Causality {drain, +Blink rPois
                  | rF++ Int-4}
 11331 | D:11     | Noticed Grum
 11342 | D:11     | Killed Grum
 11431 | D:11     | Reached skill level 5 in Shields
 11479 | D:11     | Noticed Harold
 11488 | D:11     | Killed Harold
 11926 | D:12     | Reached skill level 5 in Armour
 12101 | D:12     | Found a runed translucent gate.
 12101 | D:12     | Found a runed translucent gate.
 12101 | D:12     | Found a runed translucent gate.
 12102 | D:12     | Noticed Wentworth's ghost (journeyman TrWr)
 12108 | D:12     | Noticed a shadow dragon
 12278 | D:12     | Noticed a two-headed ogre
 12288 | D:12     | Killed a two-headed ogre
 13085 | D:13     | Found a gate leading to a gauntlet.
 13088 | D:13     | Noticed Rudyous's ghost (journeyman MiBe)
 13098 | Gauntlet | Entered a Gauntlet
 13098 | Gauntlet | Found a transporter.
 13098 | Gauntlet | Found a transporter.
 13102 | Gauntlet | Found a transporter.
 13103 | Gauntlet | Found a transporter.
 13104 | Gauntlet | Found a large runed translucent door.
 13105 | Gauntlet | Found a large runed translucent door.
 13106 | Gauntlet | Found a large runed translucent door.
 13106 | Gauntlet | Found a large runed translucent door.
 13106 | Gauntlet | Found a runed translucent door.
 13107 | Gauntlet | Found a large runed translucent door.
 13108 | Gauntlet | Found a large runed translucent door.
 13109 | Gauntlet | Found a large runed translucent door.
 13109 | Gauntlet | Found a large runed translucent door.
 13110 | Gauntlet | Found a runed translucent gate.
 13112 | Gauntlet | Found a transporter.
 13116 | Gauntlet | Found a transporter.
 13126 | Gauntlet | Found a transporter.
 13127 | Gauntlet | Noticed a great orb of eyes
 13218 | Gauntlet | Found a transporter.
 13220 | Gauntlet | Found a transporter.
 13220 | Gauntlet | Reached ****** piety under Hepliaklqana
 13220 | Gauntlet | Found a large runed translucent door.
 13221 | Gauntlet | Found a large runed translucent door.
 13222 | Gauntlet | Found a large runed translucent door.
 13222 | Gauntlet | Found a large runed translucent door.
 13222 | Gauntlet | Found a runed translucent door.
 13223 | Gauntlet | Found a large runed translucent door.
 13224 | Gauntlet | Found a large runed translucent door.
 13225 | Gauntlet | Found a large runed translucent door.
 13225 | Gauntlet | Found a large runed translucent door.
 13226 | Gauntlet | Found a runed translucent gate.
 13226 | Gauntlet | Found a runed translucent gate.
 13228 | Gauntlet | Found a transporter.
 13232 | Gauntlet | Found a transporter.
 13244 | Gauntlet | Found a transporter.
 13410 | Gauntlet | Identified the +3 chain mail of Insatiable Hunger {rC-
                  | Str+4 Dex+4}
 13523 | Gauntlet | Killed a great orb of eyes
 13524 | Gauntlet | Reached XP level 13. HP: 111/111 MP: 0/12
 13535 | Gauntlet | Identified the +1 pair of gloves "Siqauti" {rElec rF- rC+}
 13556 | Gauntlet | Identified the +2 demon trident of Trauma {elec, *Corrode
                  | rN+ Str+9}
 13556 | Gauntlet | Identified the quicksilver dragon scales "Muckes" {*Slow
                  | rPois rN+ Will+ Stlth+}
 13556 | Gauntlet | Noticed a minotaur
 13654 | Gauntlet | Mangled by a minotaur

Illustrated notes

Levels and vault maps discovered:
D:1:      minmay_arrival_solitary_statue, layout_basic, glass_columns_b
D:2:      layout_basic
D:3:      layout_basic
D:4:      layout_basic, minmay_temple_entry_mist, uniq_blork_the_orc
D:5:      layout_basic, ebering_ghost_sewer_d, uniq_ijyb
D:6:      layout_layer_cave, uniq_eustachio
D:7:      layout_loops_corners, serial_shops, nicolae_shop_advertising_works
          [nicolae_subvault_shop_adworks], grunt_ogre_cave, dk_noncrumbling_2,
          minmay_fountain_box
D:8:      layout_rooms
D:9:      layout_layer_cave, mainiacjoe_overflow_cross_hatched, david_orc_4,
          worms_lemuel
D:10:     layout_roguey, david_lair_shrubbed, enter_bailey_4
D:11:     layout_loops_cross, uniq_harold, uniq_grum
D:12:     layout_layer_cave, gammafunk_ghost_split, hangedman_fish_farm
D:13:     kennysheep_blocky_hall, layout_cave_pools, gammafunk_ghost_hive,
          gauntlet_entry_generic, minmay_misc_feat_rugged
Temple:   nicolae_temple_the_god_donut
Gauntlet: gammafunk_gauntlet_hard_choice
          [gammafunk_gauntlet_arena_split_diamond,
          gammafunk_gauntlet_arena_split_x, gammafunk_gauntlet_arena_grid,
          minmay_gauntlet_arena_make_your_own_arena, nicolae_gauntlet_arena_x,
          gammafunk_gauntlet_arena_crates,
          nicolae_gauntlet_exit_dead_adventurers]

Skill      XL: |  1  2  3  4  5  6  7  8  9 10 11 12 |
---------------+-------------------------------------+-----
Maces & Flails | 3 4 |  4.3
Dodging        | 3 4 5 6 |  6.7
Fighting       | 3 4 5 7 |  7.0
Short Blades   | 1 2 3 |  3.0
Stealth        | 2 3 |  3.3
Long Blades    | 3 5 7 8 9 |  9.7
Shields        | 1 2 4 6 |  6.6
Armour         | 2 4 6 |  6.0
Throwing       | 1 2 |  2.7
Unarmed Combat | 1 |  1.1
Earth Magic    | 1 |  1.6
Poison Magic   | 1 |  1.3
Invocations    | 1 |  1.0
Axes           | |  0.9
Polearms       | |  0.9
Staves         | |  0.9
Slings         | |  0.6
Bows           | |  0.6
Crossbows      | |  0.6
Spellcasting   | |  0.5
Conjurations   | |  0.7
Hexes          | |  0.6
Summonings     | |  0.7
Necromancy     | |  0.9
Translocations | |  0.7
Transmutations | |  0.7
Fire Magic     | |  0.7
Ice Magic      | |  0.7
Air Magic      | |  0.6
Evocations     | |  0.7

Action                   |  1- 3 |  4- 6 |  7- 9 | 10-12 | 13-15 || total
-------------------------+-------+-------+-------+-------+-------++-------
Melee: Mace              |    83 |       |     2 |       |       ||    85
       Dagger            |    27 |   144 |       |       |       ||   171
       Punch             |       |     3 |     1 |       |       ||     4
       Long sword        |       |    21 |   157 |   457 |    24 ||   659
Throw: Stone             |       |       |     8 |    12 |       ||    20
       Boomerang         |       |       |       |    13 |       ||    13
       Large rock        |       |       |       |     2 |       ||     2
Invok: Ancestor Life: Ba |       |     1 |       |       |       ||     1
  Use: Scroll            |       |       |     9 |     9 |       ||    18
       Potion            |       |       |       |     5 |     1 ||     6
 Stab: Sleeping          |     2 |     4 |     1 |       |       ||     7
       Distracted        |       |       |     2 |    10 |     1 ||    13
       Invisible         |       |       |       |     7 |       ||     7
Armor: Robe              |    43 |    59 |    29 |       |       ||   131
       Ice dragon scales |       |       |    45 |   102 |     7 ||   154
Dodge: Dodged            |    71 |    93 |    86 |   107 |     4 ||   361
Block: Other             |       |     2 |    21 |       |       ||    23
       Kite shield       |       |       |    48 |   261 |    11 ||   320
       Reflection        |       |       |     3 |     7 |       ||    10
